AoeStats
← gmcornejo

Arabia

504797563Analyzed
1v1 RM · 26d ago on Sep 6, 2026· 88m 58s· 2 players
Game mode
Random Map
Map size
Tiny (2 player)
Population
200
Speed
Normal
Resources
Standard
Victory
Conquest
Starting age
Dark Age
Ending age
Imperial Age
RankedLock teamsTeams togetherTeam positionsShared explorationLock speedFull tech treeHidden civsTurbo modeCheats
Victory
Defeat
🇦🇷 Lithuanians · Argentina
924
+16
🇩🇰 Britons · Denmark
929
-16
gmcornejo
6:48 Loom
9:20 Feudal Age
10:41 Double-Bit Axe
11:17 Horse Collar
20:32 Castle Age
19:11 Gold Mining
19:39 Bloodlines
20:04 Fletching
22:30 Bow Saw
22:53 Heavy Plow
24:24 Thumb Ring
28:52 Wheelbarrow
28:21 Bodkin Arrow
28:58 Scale Barding Armor
33:21 Padded Archer Armor
33:33 Forging
34:20 Chain Barding Armor
39:24 Imperial Age
40:40 Plate Barding Armor
40:08 Bracer
40:44 Iron Casting
43:19 Conscription
44:44 Two-Man Saw
44:43 Hand Cart
45:28 Leather Archer Armor
51:52 Cavalier
52:57 Elite Leitis
53:20 Heavy Cavalry Archer
54:38 Ring Archer Armor
54:31 Ballistics
55:18 Chemistry
78:08 Paladin
78:50 Husbandry
85:45 Town Watch
Skærmhelten Mads
6:02 Loom
9:30 Loom
11:15 Feudal Age
13:10 Man-at-Arms
13:51 Horse Collar
13:58 Double-Bit Axe
24:11 Castle Age
22:44 Gold Mining
22:45 Stone Mining
23:16 Fletching
24:29 Crossbowman
24:30 Pikeman
25:55 Elite Skirmisher
28:52 Bodkin Arrow
28:57 Padded Archer Armor
28:55 Town Watch
32:11 Ballistics
33:19 Wheelbarrow
33:17 Leather Archer Armor
34:03 Bow Saw
41:14 Imperial Age
42:28 Heavy Plow
42:41 Bracer
46:12 Hand Cart
45:40 Halberdier
50:54 Elite Longbowman
57:48 Ring Archer Armor
57:19 Scale Mail Armor
58:03 Murder Holes
59:19 Arbalester
Connection lost

Rejoining the realm…

Still unreachable

The connection could not be restored.

Session expired

The server has moved on; the page needs a fresh start.